 Dungeon Crawl Stone Soup version 0.29.1-15-g9cfb28693d (webtiles) character file.

Game seed: 16046914900579186225

9 tizbic2 the Cutter (level 2, -4/28 HPs)
             Began as a Naga Berserker on Apr 22, 2023.
             Was a Follower of Trog.
             Killed from afar by a dart slug (5 damage)
             ... with a slug dart
             ... on level 1 of the Dungeon.
             The game lasted 00:00:36 (143 turns).

tizbic2 the Cutter (Naga Berserker)                  Turns: 143, Time: 00:00:37

Health: -4/28      AC:  1    Str: 19    XL:     2   Next: 12%
Magic:  2/2        EV:  9    Int:  7    God:    Trog [*.....]
Gold:   0          SH:  0    Dex: 10    Spells: 1/1 levels left

rFire   . . .      SeeInvis +   a - +0 short sword
rCold   . . .      Faith    .   (no shield)
rNeg    . . .      Spirit   .   b - +0 animal skin
rPois   +          Reflect  .   (no helmet)
rElec   .          Harm     .   (no cloak)
rCorr   .          Rampage  .   (no gloves)
Will    .....                   (no barding)
Stlth   ++........              (no amulet)
HPRegen 0.09/turn               (no ring)
MPRegen 0.08/turn               (no ring)

@: on berserk cooldown, slowed, very slow
A: AC +0, large, see invisible, deformed body, poison resistance, slowness 2,
spit poison 1, naga tail 1
a: Spit Poison, Renounce Religion, Berserk


You were on level 1 of the Dungeon.
You worshipped Trog.
Trog was aware of your devotion.
You visited 1 branch of the dungeon, and saw 1 of its levels.

Inventory:

Hand Weapons
 a - a +0 short sword (weapon)
Armour
 b - a +0 animal skin (worn)
Scrolls
 c - a scroll of torment {unknown}
 d - a scroll of fog {unknown}


   Skills:
 + Level 3.1 Fighting
 + Level 3.1 Short Blades
 - Level 1.5 Armour
 - Level 1.5 Dodging
 * Level 2.0 Stealth


You had one spell level left.
You didn't know any spells.
Your spell library was empty.

Dungeon Overview and Level Annotations

Branches:
Dungeon (1/15)

Altars:


Innate Abilities, Weirdness & Mutations

Your serpentine skin is tough. (AC +0)
You have supernaturally acute eyesight. (SInv)
Armour fits poorly on your strangely shaped body.
Your system is resistant to poisons. (rPois)
You cover ground very slowly.
You can spit poison.
You have a snake-like lower body.


Message History

You closely miss the jackal. The jackal bites you.
* * * LOW HITPOINT WARNING * * *
The jackal bites you.
* * * LOW HITPOINT WARNING * * *
You puncture the jackal!
You kill the jackal!
Trog accepts your kill. The jackal bites you.
* * * LOW HITPOINT WARNING * * *
You have reached level 2!
You closely miss the frilled lizard. The jackal bites you.
* * * LOW HITPOINT WARNING * * *
You hit the frilled lizard.
The frilled lizard is heavily wounded.
The frilled lizard bites you but does no damage.
You closely miss the jackal. The jackal barely misses you.
You closely miss the frilled lizard.
The frilled lizard is heavily wounded.
The jackal bites you.
* * * LOW HITPOINT WARNING * * *
The frilled lizard bites you.
* * * LOW HITPOINT WARNING * * *
You hit the frilled lizard.
You kill the frilled lizard!
Trog accepts your kill. The jackal closely misses you.
You closely miss the jackal. The jackal bites you.
* * * LOW HITPOINT WARNING * * *
You puncture the jackal!
You kill the jackal!
Trog accepts your kill.
Your Stealth skill increases to level 2!
You feel a strong urge to attack something.
You are no longer berserk.
You are exhausted.
You feel yourself slow down.
You aren't carrying any potions.
The dart slug launches a dart at you. The slug dart hits you.
You die...

#...........#
#......#w.......#
#...#####......#
#.. #†)##.... #
##.## ##. #..#
#..# ####+####
#..## #.......#
##@.# #.8.8.8.#
#..####.......#
##..#.+.8.<.8.+
#....#.......#
##...#.8.8.8.#
#...#.......#
##..####'####
#........##..
#...........#


You could see a dart slug.

Vanquished Creatures
  4 jackals (D:1)
  A ball python (D:1)
  A bat (D:1)
  A frilled lizard (D:1)
  2 kobolds (D:1)
9 creatures vanquished.

Notes
Turn   | Place    | Note
-------+----------+-------------------------------------------
     0 | D:1      | tizbic2 the Naga Berserker began the quest for the Orb.
     0 | D:1      | Reached XP level 1. HP: 21/21 MP: 1/1
   127 | D:1      | Reached skill level 1 in Stealth
   133 | D:1      | Reached XP level 2. HP: 9/28 MP: 2/2
   136 | D:1      | HP: 2/42 [frilled lizard (2)]
   143 | D:1      | Killed from afar by a dart slug

Illustrated notes

Levels and vault maps discovered:
D:1:      doesnt_arrival_eight_statues, layout_rooms,
          ebering_ecumenical_altar_hall

Skill      XL: |  1  2 |
---------------+-------+-----
Stealth        | 1 2 |  2.0
Fighting       | |  3.1
Short Blades   | |  3.1
Armour         | |  1.5
Dodging        | |  1.5

Action                   || total
-------------------------++-------
Melee: Short sword       ||    19
       Punch             ||     1
Invok: Berserk           ||     1
 Abil: Spit Poison       ||     2
Armor: Animal skin       ||     3
Dodge: Dodged            ||    16
